 Dungeon Crawl Stone Soup version 0.24-a0-446-g87df7205b4 (webtiles) character file.

Game seed: 5842037610118294911

17458 Azzok the Grappler (level 12, -6/99 HPs)
             Began as a Pale Draconian Transmuter on June 23, 2019.
             Was a Priest of Cheibriados.
             Mangled by a skeletal warrior
             ... wielding a +0 glaive
             ... led by a death knight
              (22 damage)
             ... on level 12 of the Dungeon on June 24, 2019.
             The game lasted 00:36:20 (18322 turns).

Azzok the Grappler (Pale Draconian Transmuter)     Turns: 18322, Time: 00:36:20

Health: -6/99      AC:  7    Str: 31      XL:     12   Next: 19%
Magic:  16/16      EV: 24    Int: 25 (26) God:    Cheibriados [***...]
Gold:   592        SH:  4    Dex: 29      Spells: 8/15 levels left

rFire    x . .     SeeInvis .     - Unarmed
rCold    + + +     Gourm    .   (shield currently unavailable)
rNeg     . . .     Faith    .   (armour unavailable)
rPois    +         Spirit   .   (helmet currently unavailable)
rElec    .         Reflect  +   (cloak currently unavailable)
rCorr    .         Harm     .   (gloves currently unavailable)
MR       .....                  (boots currently unavailable)
Stlth    +++.......             e - +4 amulet of reflection
HPRegen  0.26/turn              x - +4 ring of dexterity
MPRegen  0.15/turn              E - +5 ring of strength

@: mighty, agile, ice-form (expiring), very slow
A: large, (breathe steam), unfitting armour, AC +8
a: End Transformation, Bend Time, Temporal Distortion, Renounce Religion


You were on level 12 of the Dungeon.
You worshipped Cheibriados.
Cheibriados was most pleased with you.
You were not hungry.
You were a creature of crystalline ice.
You visited 2 branches of the dungeon, and saw 13 of its levels.
You also visited: Sewer and Ossuary.

You collected 722 gold pieces.
You spent 130 gold pieces at shops.

Inventory:

Hand Weapons
 F - the +9 dagger of Impeachment (melded) {pierce, rElec rF- MR+++ Stlth-}
   (You found it on level 5 of the Dungeon)

   It inflicts extra damage upon your enemies.
   It makes you vulnerable to fire.
   It insulates you from electricity.
   It affects your resistance to hostile enchantments.
   It makes you less stealthy.
Missiles
 a - 370 arrows
 I - 4 throwing nets (quivered)
Armour
 l - a +0 buckler (melded)
 v - a +0 pair of gloves (melded)
 P - a +0 cloak (melded)
Magical Staves
 D - an uncursed staff of air
 O - an uncursed staff of energy
Jewellery
 e - a +4 amulet of reflection (around neck)
 q - an uncursed ring of poison resistance
 w - an uncursed ring of protection from magic
 x - a +4 ring of dexterity (left front paw)
 E - a +5 ring of strength (right front paw)
 K - a +1 ring of protection
 M - an uncursed ring of protection from cold
Wands
 f - a wand of iceblast (3)
 r - a wand of digging (3)
 y - a wand of flame (30)
 L - a wand of acid (10)
Scrolls
 b - 8 scrolls of remove curse
 h - 2 scrolls of teleportation
 j - a scroll of blinking
 m - 3 scrolls of enchant weapon
 n - 3 scrolls of amnesia
 o - a scroll of fog
 u - a scroll of vulnerability
 A - a scroll of magic mapping
 H - 8 scrolls of identify
Potions
 d - 10 potions of curing
 i - a potion of heal wounds
 k - a potion of berserk rage {unknown}
 p - 2 potions of resistance {unknown}
 s - 4 potions of flight {unknown}
 t - 2 potions of brilliance {unknown}
 z - a potion of ambrosia
 B - a potion of magic
 C - 4 potions of lignification
 G - 2 potions of might
 J - 2 potions of cancellation {unknown}
Miscellaneous
 N - a phial of floods
Comestibles
 c - 10 rations
 Q - 20 chunks of flesh


   Skills:
 - Level 1.1 Fighting
 - Level 9.0 Dodging
 - Level 4.0 Shields
 + Level 10.9 Unarmed Combat
 - Level 2.0 Spellcasting
 + Level 10.6 Transmutations
 - Level 5.0 Ice Magic
 + Level 5.4 Invocations
 + Level 5.6 Evocations


You had 8 spell levels left.
You knew the following spells:

 Your Spells              Type           Power        Failure   Level  Hunger
b - Spider Form           Tmut/Pois      ####......   3%          3    ###....
c - Ice Form              Ice/Tmut       #####...     4%          4    ####...

Your spell library contained the following spells:

 Spells                   Type           Power        Failure   Level  Hunger
 Beastly Appendage        Tmut           ######       1%          1    None
 Sticks to Snakes         Tmut           ######..     1%          2    ##.....
 Blade Hands              Tmut           ######....   4%          5    ######.
 Flame Tongue             Conj/Fire      #....        11%         1    None
 Magic Dart               Conj           #...         11%         1    None
 Shock                    Conj/Air       #...         11%         1    None
 Blink                    Tloc           N/A          17%         2    ##.....
 Call Imp                 Summ           #.......     17%         2    ##.....
 Slow                     Hex            #.......     17%         2    ##.....
 Conjure Flame            Conj/Fire      #.......     32%         3    ###....
 Mephitic Cloud           Conj/Pois/Air  #.......     32%         3    ###....
 Stone Arrow              Conj/Erth      #.....       32%         3    ###....
 Irradiate                Conj/Tmut      ####......   34%         5    ######.
 Fulminant Prism          Conj/Hex       #.........   73%         4    ####...
 Iskenderun's Battlesphe  Conj/Chrm      #.......     97%         5    ######.


Dungeon Overview and Level Annotations

Branches:
Dungeon (12/15)            Temple (1/1) D:6            Lair (0/6) D:9
    Orc (0/2) D:12

Altars:
Ashenzari
Cheibriados
Dithmenos
Elyvilon
Fedhas
Gozag
Hepliaklqana
Kikubaaqudgha
Makhleb
Nemelex Xobeh
Okawaru
Qazlal
Ru
Sif Muna
Trog
Uskayaw
Vehumet
Wu Jian
Xom
Yredelemnul
Zin
The Shining One
Beogh

Shops:
D:4 (   D:5 [(   D:8 [::=?   D:10 (


Innate Abilities, Weirdness & Mutations

((You can breathe blasts of scalding, opaque steam.))
((Your pale cyan-grey scales are hard. (AC +8)))
You cannot fit into any form of body armour.
((You are cold-blooded and may be slowed by cold attacks.))


Message History

The skeletal warrior hits you from afar with a +0 glaive!
* * * LOW HITPOINT WARNING * * *
The ice beast barely misses you.
You pummel the ice beast!!
You kill the ice beast!
Cheibriados thoroughly appreciates the change of pace.
Cheibriados raises the support of your attributes as your movement slows.
The orc wizard casts a spell at you. The magic dart hits you.
* * * LOW HITPOINT WARNING * * *
You punch the orc! You freeze the orc.
You kill the orc!
Cheibriados appreciates the change of pace.
The skeletal warrior completely misses you.
You punch the orc wizard! You freeze the orc wizard.
You kill the orc wizard!
Cheibriados thoroughly appreciates the change of pace.
An orc priest opens the door.
The skeletal warrior hits you from afar with a +0 glaive!!
You die...

▒··[·(▒·····▒···· ··
▒·····▒▒▒'▒▒▒···· ▒o
▒····(▒8···8▒····
▒▒'▒▒▒▒···()·······▒▒
▒·····▒······>·····╬
▒·····▒············▒
▒·····▒············▒
▒·····▒············▒
╬···Y·▒············▒
╬▒▒▒▒▒)▒··)·········▒
·······z··▒▒▒▒▒▒····▒
W·········▒ ···
·<········▒
p·········▒
W·········▒
··········▒
▒·······▒▒▒


You could see a skeletal warrior and an orc priest (wandering).

Vanquished Creatures
  A hydra (D:12)
  Harold (D:9)
  A death knight (D:12)
  2 two-headed ogres
  3 death yaks
  A skeletal warrior (D:12)
  Pikel (D:4)
  A phantasmal warrior (D:12)
  2 cyclopes
  Joseph (D:9)
  A freezing wraith (D:12)
  A troll (D:11)
  Grinder (D:6)
  3 hippogriffs
  A spriggan (D:7)
  9 yaks (D:11)
  Edmund (D:4)
  2 water moccasins
  A porcupine (D:9)
  2 orc warriors
  2 sky beasts
  A slave (D:4)
  4 ice beasts
  A black bear (D:6)
  A necrophage (D:11)
  4 ogres
  11 centaurs
  4 phantoms
  A crocodile (D:11)
  7 bullfrogs
  A big kobold (Sewer)
  2 gnoll sergeants
  2 wyvern zombies
  3 scorpions
  24 killer bees
  3 howler monkeys (D:9)
  7 crimson imps
  A bullfrog zombie (D:5)
  A centaur zombie (D:5)
  2 jellies
  A bullfrog skeleton (D:8)
  10 orc priests
  8 hounds
  Jessica (D:3)
  3 iguanas
  6 orc wizards
  2 hell rats (D:9)
  4 worker ants
  13 mummies (Ossuary)
  4 hound skeletons
  A worker ant zombie (D:11)
  8 gnolls
  7 adders
  6 river rats
  3 shadow imps
  2 adder zombies
  3 adder skeletons
  5 worms
  A dart slug (D:1)
  3 leopard geckos
  35 orcs
  11 bats
  8 giant cockroaches
  11 goblins
  10 hobgoblins
  11 jackals
  3 quokkas
  5 ball pythons
  5 frilled lizards
  3 gnoll skeletons (Ossuary)
  A goblin zombie (D:6)
  A jackal skeleton (D:5)
  11 kobolds
  2 kobold skeletons (Ossuary)
  3 orc skeletons (Ossuary)
  2 quokka skeletons (D:5)
  A quokka zombie (D:8)
  14 rats
  11 rat skeletons (Ossuary)
  A rat zombie (D:6)
358 creatures vanquished.

Vanquished Creatures (others)
  2 centaurs
  2 kobolds (Sewer)
  A leopard gecko skeleton (D:5)
5 creatures vanquished.

Grand Total: 363 creatures vanquished

Notes
Turn   | Place    | Note
-------+----------+-------------------------------------------
     0 | D:1      | Azzok the Draconian Transmuter began the quest for the Orb.
     0 | D:1      | Reached XP level 1. HP: 16/16 MP: 3/3
   375 | D:1      | Reached XP level 2. HP: 23/23 MP: 5/5
   995 | D:1      | Reached XP level 3. HP: 20/28 MP: 6/6
  1542 | D:2      | Found an iron altar of Okawaru.
  1796 | D:1      | Learned a level 3 spell: Spider Form
  2234 | D:2      | Reached skill level 1 in Shields
  2385 | D:2      | Reached XP level 4. HP: 35/35 MP: 0/7
  3055 | D:3      | Noticed Jessica
  3063 | D:3      | Reached XP level 5. HP: 40/40 MP: 4/8
  3066 | D:3      | Killed Jessica
  3250 | D:3      | Found a glowing drain.
  3264 | Sewer    | Entered a sewer
  3473 | Sewer    | Learned a level 4 spell: Ice Form
  3561 | Sewer    | Reached XP level 6. HP: 16/47 MP: 9/9
  3828 | Sewer    | Found a white marble altar of Elyvilon.
  4987 | D:4      | Noticed a slave
  4987 | D:4      | Noticed Pikel
  4995 | D:4      | Noticed a slave
  5001 | D:4      | Noticed a slave
  5010 | D:4      | Killed a slave
  5013 | D:4      | Noticed a slave
  5019 | D:4      | Killed Pikel
  5019 | D:4      | Reached skill level 5 in Unarmed Combat
  5019 | D:4      | Your scales start taking on a pale cyan-grey colour.
  5019 | D:4      | Reached XP level 7. HP: 25/52 MP: 6/10
  5418 | D:4      | Found Esoaw's Antique Weapon Shop.
  5500 | D:4      | Reached skill level 5 in Transmutations
  5588 | D:4      | Found a hide-covered altar of Uskayaw.
  5590 | D:4      | Found a shimmering altar of Xom.
  5590 | D:4      | Found a glowing golden altar of the Shining One.
  5592 | D:4      | Found a shimmering altar of Xom.
  5592 | D:4      | Found a shimmering altar of Xom.
  5592 | D:4      | Found an opulent altar of Gozag.
  5616 | D:4      | Noticed Edmund
  5629 | D:4      | Killed Edmund
  5629 | D:4      | Reached XP level 8. HP: 30/59 MP: 8/11
  6153 | D:5      | Entered Level 5 of the Dungeon
  6276 | D:5      | Found Soimior's Antique Weapon Boutique.
  6359 | D:5      | Reached skill level 5 in Dodging
  6687 | D:5      | Found a glowing golden altar of the Shining One.
  6709 | D:5      | Reached skill level 1 in Ice Magic
  6886 | D:5      | Found a basalt altar of Yredelemnul.
  6934 | D:5      | Noticed a profane servitor
  6956 | D:5      | Found a shimmering altar of Xom.
  6965 | D:5      | Got a crystal dagger
  7237 | D:5      | Found Amocrew's Armour Shoppe.
  7376 | D:5      | Noticed an angel
  7381 | D:5      | Identified the +9 dagger of Impeachment {pierce, rElec rF-
                  | MR+++ Stlth-} (You found it on level 5 of the Dungeon)
  7510 | D:6      | Noticed a two-headed ogre
  7546 | D:6      | Killed a two-headed ogre
  7546 | D:6      | Reached XP level 9. HP: 27/64 MP: 4/12
  7782 | D:6      | Found a staircase to the Ecumenical Temple.
  7794 | Temple   | Entered the Ecumenical Temple
  8228 | D:6      | Found a sand-covered staircase.
  8237 | Ossuary  | Entered an ossuary
  9237 | D:6      | Found an ancient bone altar of Kikubaaqudgha.
  9493 | D:6      | Noticed Grinder
  9503 | D:6      | Killed Grinder
 10292 | D:7      | Got a bloodstained halberd
 10300 | D:7      | Found a sacrificial altar of Ru.
 10365 | D:7      | Found a hide-covered altar of Uskayaw.
 10386 | D:7      | Reached skill level 5 in Ice Magic
 10407 | D:7      | Reached XP level 10. HP: 71/71 MP: 8/13
 10676 | D:7      | Found a deep blue altar of Sif Muna.
 10989 | D:7      | Became a worshipper of Sif Muna the Loreminder
 11009 | D:8      | Found Ycruechi's Book Shop.
 11026 | D:8      | Found Coptud's Magic Scroll Shop.
 11035 | D:8      | Bought a scroll of identify for 26 gold pieces
 11035 | D:8      | Bought a scroll of identify for 26 gold pieces
 11035 | D:8      | Bought 2 scrolls of identify for 52 gold pieces
 11035 | D:8      | Bought a scroll of identify for 26 gold pieces
 11037 | D:8      | Identified the +8 halberd of Disgust {protect, +Blink Str-3
                  | Int+3 Stlth+} (You found it on level 7 of the Dungeon)
 11317 | D:8      | Found Gyoba's Jewellery Shoppe.
 11838 | D:8      | Found a hazy altar of Hepliaklqana.
 12111 | D:8      | Found Byvejeh's Book Emporium.
 12303 | D:8      | Found Ynim's Antique Armour Emporium.
 12861 | D:9      | Identified Kupn's Reference Book on Battle Magic
 12930 | D:9      | Found a sparkling altar of Nemelex Xobeh.
 12930 | D:9      | Found an opulent altar of Gozag.
 13083 | D:9      | Found a staircase to the Lair.
 13086 | D:9      | Noticed a death yak
 13087 | D:9      | Noticed a death yak
 13088 | D:9      | Noticed a death yak
 13118 | D:8      | Killed a death yak
 13204 | D:9      | Noticed a two-headed ogre
 13212 | D:9      | Killed a two-headed ogre
 13262 | D:9      | Reached * piety under Sif Muna
 13441 | D:9      | Noticed Harold
 13459 | D:9      | Killed Harold
 13698 | D:9      | Noticed Joseph
 13886 | D:9      | Killed Joseph
 13886 | D:9      | Reached XP level 11. HP: 55/77 MP: 10/14
 14096 | D:9      | You fall into a shaft and drop 1 floor!
 14096 | D:10     | Entered Level 10 of the Dungeon
 14171 | D:10     | Found Kaniu's Antique Weapon Emporium.
 14365 | D:9      | Found a snail-covered altar of Cheibriados.
 14370 | D:9      | Fell from the grace of Sif Muna
 14370 | D:9      | Became a worshipper of Cheibriados the Contemplative
 14429 | D:9      | Killed a death yak
 14429 | D:9      | Reached skill level 1 in Invocations
 14429 | D:9      | Reached skill level 1 in Evocations
 14443 | D:9      | Killed a death yak
 15460 | D:10     | Reached skill level 10 in Unarmed Combat
 16113 | D:11     | Reached * piety under Cheibriados
 16291 | D:11     | Reached ** piety under Cheibriados
 16291 | D:11     | Reached skill level 10 in Transmutations
 17797 | D:12     | Noticed a four-headed hydra
 17802 | D:12     | Killed a four-headed hydra
 18092 | D:12     | Reached skill level 5 in Evocations
 18142 | D:12     | Reached *** piety under Cheibriados
 18195 | D:12     | Found a staircase to the Orcish Mines.
 18205 | D:12     | Reached XP level 12. HP: 82/82 MP: 13/15
 18247 | D:12     | Found a roughly hewn altar of Beogh.
 18282 | D:12     | Noticed a death knight
 18292 | D:12     | Killed a death knight
 18292 | D:12     | Reached skill level 5 in Invocations
 18322 | D:12     | Mangled by a skeletal warrior

Levels and vault maps discovered:
D:1:      ebering_hopf_link, layout_basic, chequers_arboretum
D:2:      layout_loops_ring, okawaru_trees_1, first_ration
D:3:      layout_rooms, portal_sewer_entry_e, minmay_distorted, uniq_jessica
D:4:      layout_basic, serial_shops, shop, palyth_stone_intersect,
          doesnt_xom_only_xom, uniq_edmund, uniq_pikel
D:5:      layout_basic, grunt_temple_overflow_holy_war, lemuel_round_altar,
          serial_shops, shop, nicolae_shop_overgrown_old_shop
D:6:      layout_basic, kiku_gazebo_pond_becter,
          minmay_temple_entry_proselytizer, enter_ossuary_4, uniq_grinder
D:7:      layout_loops_cross, lemuel_doored_altar,
          nicolae_ru_sacrificial_ziggurat, basic_altar, the_bakery,
          grunt_decor_mini_mirrors, kennysheep_potato
D:8:      layout_layer_cave, overflow_temple_1_default, serial_shops, shop,
          nicolae_shop_waterfront, shop, nicolae_shop_trees, shop,
          minmay_misc_feat_ornament
D:9:      layout_stronghold, grunt_temple_overflow_opulence,
          kennysheep_little_box, dpeg_lair_monsters, uniq_harold, uniq_joseph
D:10:     layout_rooms, serial_shops, nicolae_shop_statue_plus
D:11:     layout_basic, minmay_misc_feat_four_crosses
D:12:     layout_gridville, minmay_orc_entry_temple_small
Temple:   minmay_temple_curvy_loop

Skill      XL: |  1  2  3  4  5  6  7  8  9 10 11 12 |
---------------+-------------------------------------+-----
Dodging        | 2 3 4 6 8 9 |  9.0
Shields        | 1 2 3 4 |  4.0
Transmutations | 3 4 5 6 7 9 10 | 10.6
Unarmed Combat | 4 5 7 8 9 10 | 10.9
Ice Magic      | 3 5 |  5.0
Invocations    | 4 5 |  5.4
Evocations     | 5 |  5.6
Fighting       | |  1.1
Spellcasting   | |  2.0

Action                   |  1- 3 |  4- 6 |  7- 9 | 10-12 || total
-------------------------+-------+-------+-------+-------++-------
Melee: Unarmed           |   193 |   115 |   227 |   393 ||   928
       Tailslap          |     8 |    15 |    13 |     4 ||    40
       Headbutt          |     5 |       |       |       ||     5
       Punch             |     1 |     2 |     1 |       ||     4
       Short sword       |       |    97 |    27 |       ||   124
       Dagger            |       |       |    76 |    17 ||    93
 Cast: Beastly Appendage |     3 |       |       |       ||     3
       Spider Form       |     2 |    14 |    13 |     1 ||    30
       Ice Form          |       |       |    15 |    52 ||    67
 Abil: End Transformatio |       |       |       |     1 ||     1
Evoke: Wand              |       |       |       |     5 ||     5
  Use: Potion            |       |     1 |       |     8 ||     9
       Scroll            |       |       |    21 |     4 ||    25
  Eat: Chunk             |     5 |     5 |     8 |    18 ||    36
       Ration            |       |     2 |     4 |     5 ||    11
Armor: Skin              |    86 |    33 |    31 |    84 ||   234
Dodge: Dodged            |   151 |   138 |   170 |   284 ||   743
Block: Other             |    46 |    28 |    32 |    78 ||   184
       Reflection        |     3 |     4 |       |    14 ||    21
       Buckler           |       |       |    24 |    23 ||    47

Table legend:
 A = Non-vault XP
 B = Vault XP
 C = Vault XP percentage of total XP
 D = Non-vault monster count
 E = Vault monster count
 F = Vault count percentage of total count
                 A         B        C        D         E       F
            +---------+---------+-------+---------+---------+-------
      Total |   18711 |    6230 |  25.0 |     277 |      82 |  22.8
            +---------+---------+-------+---------+---------+-------
        D:1 |      51 |       0 |   0.0 |      30 |       0 |   0.0
        D:2 |      73 |       0 |   0.0 |      25 |       0 |   0.0
        D:3 |     159 |      64 |  28.7 |      24 |      11 |  31.4
        D:4 |     275 |     787 |  74.1 |      13 |       2 |  13.3
        D:5 |     774 |       0 |   0.0 |      19 |       0 |   0.0
        D:6 |    2049 |     297 |  12.7 |      26 |       4 |  13.3
        D:7 |     861 |     218 |  20.2 |      15 |       2 |  11.8
        D:8 |     923 |     900 |  49.4 |      20 |       1 |   4.8
        D:9 |    1656 |    3444 |  67.5 |      13 |      11 |  45.8
       D:10 |    1750 |       0 |   0.0 |      25 |       0 |   0.0
       D:11 |    4775 |       0 |   0.0 |      41 |       0 |   0.0
       D:12 |    5365 |     140 |   2.5 |      26 |       9 |  25.7
      Sewer |       0 |     132 | 100.0 |       0 |      10 | 100.0
    Ossuary |       0 |     248 | 100.0 |       0 |      32 | 100.0
            +---------+---------+-------+---------+---------+-------
